 Dungeon Crawl Stone Soup version 0.27.1 (webtiles) character file.

Game seed: 4174851605630573750

66 Malachi the Poker (level 3, -3/29 HPs)
             Began as a Demonspawn Monk on Aug 25, 2021.
             Slain by Terence (7 damage)
             ... on level 3 of the Dungeon.
             The game lasted 00:01:40 (2481 turns).

Malachi the Poker (Demonspawn Monk)                 Turns: 2481, Time: 00:01:40

Health: -3/29      AC:  2    Str: 12    XL:     3   Next: 96%
Magic:  3/3        EV: 15    Int: 11    God:
Gold:   74         SH:  0    Dex: 15    Spells: 2/2 levels left

rFire    . . .     SeeInvis .   a - +0 spear
rCold    . . .     Faith    .   (no shield)
rNeg     . . .     Spirit   .   b - +0 robe
rPois    .         Reflect  .   (no helmet)
rElec    .         Harm     .   (no cloak)
rCorr    .         Rampage  .   (no gloves)
Will     .....                  (no boots)
Stlth    ++........             (no amulet)
HPRegen  0.09/turn              (no ring)
MPRegen  0.08/turn              (no ring)

@: no status effects
A: repulsion field 1
a: no special abilities


You were on level 3 of the Dungeon.
You visited 1 branch of the dungeon, and saw 3 of its levels.

You collected 74 gold pieces.

Inventory:

Hand Weapons
 a - a +0 spear (weapon)
Armour
 b - a +0 robe (worn)
Magical Staves
 f - a staff of death
Wands
 g - a wand of iceblast (10)
Scrolls
 d - a scroll of enchant weapon {unknown}
 e - 3 scrolls of fear
Potions
 c - 2 potions of attraction {unknown}
 h - a potion of lignification {unknown}


   Skills:
 + Level 3.2 Fighting
 + Level 3.5 Polearms
 + Level 3.2 Dodging
 + Level 2.4 Stealth


You had 2 spell levels left.
You didn't know any spells.
Your spell library contained the following spells:

 Spells                   Type           Power      Damage    Failure   Level
 Gell's Gravitas          Tloc           0%         N/A       71%         3
 Teleport Other           Tloc           0%         N/A       71%         3
 Dispersal                Tloc           0%         N/A       100%        6


Dungeon Overview and Level Annotations

Branches:
Dungeon (3/15)

Altars:

Annotations:
D:3 Terence


Innate Abilities, Weirdness & Mutations

You are surrounded by a mild repulsion field. (EV +2)


Message History

Okay, then.
Really walk into a travel-excluded area?
Aiming: Iceblast
Press: ? - help, Shift-Dir - straight line, f - Terence
Aim: Terence, wielding a +0 mace and wearing a +0 chain mail (asleep)
The mass of ice explodes!
The iceblast engulfs Terence!
Terence is heavily wounded.
Terence shouts!
You hear a shout! x2
Unknown command.
Unknown command.
Aiming: Iceblast
Press: ? - help, Shift-Dir - straight line, f/p - Terence
Aim: Terence, wielding a +0 mace and wearing a +0 chain mail (heavily wounded)
The mass of ice explodes!
The iceblast engulfs Terence!
Terence is almost dead.
Terence looks scornfully at you.
An orc comes into view. It is wielding a +0 hand axe.
Unknown command.
You barely miss Terence.
Terence is almost dead.
Terence misses you.
You barely miss Terence.
Terence is almost dead.
Terence hits you with a +0 mace!
You hit Terence but do no damage.
Terence is almost dead.
Terence hits you with a +0 mace.
You are too injured to fight recklessly!
You are too injured to fight recklessly!
You closely miss Terence.
Terence is almost dead.
Terence hits you with a +0 mace.
You hit Terence but do no damage.
Terence is almost dead.
Terence hits you with a +0 mace!
* * * LOW HITPOINT WARNING * * *
You barely miss Terence.
Terence is almost dead.
Terence hits you with a +0 mace!
You die...

.......##..##...
#......>.....#
##.<#.###.###.# .
...##.# #...#..# ..
..###.# ###..#.#### ...
......# #......# ....
#...#### ####.#o.....#
###....########.##.....#
####..........@@o....#
#############......
..... ...# ###


You could see Terence and an orc.

Vanquished Creatures
  An adder (D:2)
  A worm (D:2)
  5 dart slugs
  5 ball pythons (D:1)
  2 endoplasms (D:1)
  2 giant cockroaches (D:1)
  5 goblins
  5 hobgoblins
  2 quokkas (D:2)
  4 bats
  3 frilled lizards
  4 kobolds
  4 rats
43 creatures vanquished.

Notes
Turn   | Place    | Note
-------+----------+-------------------------------------------
     0 | D:1      | Malachi the Demonspawn Monk began the quest for the Orb.
     0 | D:1      | Reached XP level 1. HP: 18/18 MP: 1/1
   352 | D:1      | Gained mutation: You are surrounded by a mild repulsion
                  | field. (EV +2) [demonic ancestry]
   352 | D:1      | Reached XP level 2. HP: 22/24 MP: 2/2
   887 | D:1      | Found a faded altar of an unknown god.
   962 | D:1      | Reached XP level 3. HP: 29/29 MP: 3/3
  2462 | D:3      | Noticed Terence
  2481 | D:3      | Slain by Terence

Illustrated notes

Levels and vault maps discovered:
D:1:      saegor_arrival_under_anarchy, layout_basic,
          chequers_ecumenical_altar_twisty
D:2:      layout_loops_ring, minmay_misc_feat_square
D:3:      layout_rooms, grunt_temple_overflow_gold_and_silver,
          nicolae_overflow_crystal_walls, mainiacjoe_overflow_big_doors,
          serial_shops, nicolae_lakefront_shop, minmay_ruptured, uniq_sigmund,
          uniq_terence

Skill      XL: |  1  2 |
---------------+-------+-----
Dodging        | 3 |  3.2
Polearms       | 3 |  3.5
Stealth        | 2 |  2.4
Fighting       | |  3.2

Action                   || total
-------------------------++-------
Melee: Spear             ||   194
Evoke: Wand              ||     2
  Use: Scroll            ||     3
 Stab: Sleeping          ||     9
       Distracted        ||     1
Armor: Robe              ||    17
Dodge: Dodged            ||    92
